 Dungeon Crawl Stone Soup version 0.31-a0-133-gaae73658be (webtiles) character file.

Game seed: 8444064637143102904

396 Pimp the Chopper (level 6, 0/56 HPs)
             Began as a Hill Orc Monk on June 2, 2023.
             Was a Believer of Beogh.
             Slain by an ogre
             ... wielding a +0 giant spiked club
              (28 damage)
             ... on level 4 of the Dungeon.
             The game lasted 00:09:56 (3370 turns).

Pimp the Chopper (Hill Orc Monk)                    Turns: 3370, Time: 00:09:57

Health: 0/56       AC: 11    Str: 16    XL:     6   Next: 82%
Magic:  5/5        EV:  8    Int: 10    God:    Beogh [**....]
Gold:   169        SH:  3    Dex: 13    Spells: 5/5 levels left

rFire   . . .        a - +0 hand axe (freeze)
rCold   . . .        q - +0 buckler
rNeg    . . .        h - +0 chain mail
rPois   .            (no helmet)
rElec   .            (no cloak)
rCorr   .            l - +1 pair of gloves
SInv    .            (no boots)
Will    .....        r - amulet of faith Stlth
                     (no ring)
HPRegen 0.29/turn    (no ring)
MPRegen 0.09/turn

%: faith
@: no status effects
A: low MP 1
a: Renounce Religion, Smiting


You were on level 4 of the Dungeon.
You worshipped Beogh.
Beogh was pleased with you.
You visited 1 branch of the dungeon, and saw 4 of its levels.

You collected 169 gold pieces.

Inventory:

Hand Weapons
 a - a +0 hand axe of freezing (weapon)
Armour
 b - a +0 robe
 d - an orb of light
 h - a +0 chain mail (worn)
 i - a +0 plate armour
 j - a +0 ring mail
 l - a +1 pair of gloves (worn)
 q - a +0 buckler (worn)
Jewellery
 r - an amulet of faith (around neck)
Scrolls
 c - a scroll of enchant weapon {unknown}
 f - a scroll of blinking
 k - a scroll of brand weapon
 m - a scroll of identify
Potions
 e - 2 potions of might
 g - a potion of curing


   Skills:
 + Level 5.2 Fighting
 * Level 6.9 Axes
 + Level 2.8 Armour
 + Level 3.4 Dodging


You had 5 spell levels left.
You didn't know any spells.
Your spell library contained the following spells:

 Spells                   Type           Power      Damage    Failure   Level
 Lesser Beckoning         Tloc           0%         N/A       100%        2
 Gell's Gravitas          Tloc           0%         N/A       100%        3
 Teleport Other           Tloc           0%         N/A       100%        3
 Olgreb's Toxic Radiance  Pois           0%         N/A       100%        4
 Dispersal                Tloc           0%         N/A       100%        6
 Discord                  Hex            0%         N/A       100%        8
 Ignition                 Fire           0%         3d3       100%        8
 Chain Lightning          Conj/Air       0%         N/A       100%        9
 Fire Storm               Conj/Fire      0%         5d1       100%        9
 Shatter                  Erth           0%         3d5*      100%        9


Dungeon Overview and Level Annotations

Branches:
Dungeon (4/15)
 Temple: D:4-7

Altars:
The Shining One

Annotations:
D:1 2 transporters


Innate Abilities, Weirdness & Mutations

Your magical capacity is low. (-10% MP)


Message History

The ogre barely misses you. Why would you want to do that?
You hit the ogre but do no damage.
The ogre is moderately wounded.
The ogre hits you with a +0 giant spiked club.
You barely miss the ogre.
The ogre is moderately wounded.
You hit the ogre. You freeze the ogre.
The ogre is heavily wounded.
The ogre hits you with a +0 giant spiked club!
You hit the ogre. You freeze the ogre.
The ogre is severely wounded.
The ogre hits you with a +0 giant spiked club!
You hit the ogre. You freeze the ogre.
The ogre is severely wounded.
You closely miss the ogre.
The ogre is severely wounded.
The ogre hits you with a +0 giant spiked club!!
* * * LOW HITPOINT WARNING * * *
Blink to where?
Press: ? - help, Dir - move target
As you read the scroll of blinking, it crumbles to dust.
There is a stone staircase leading up here.
You climb upwards.
There is a stone staircase leading down here.
You start resting.
HP restored.
You climb downwards.
The ogre hits you with a +0 giant spiked club.
There is a stone staircase leading up here.
You hit the ogre. You freeze the ogre.
The ogre is lightly wounded.
The ogre hits you with a +0 giant spiked club!!
You slash the ogre! You freeze the ogre.
The ogre is heavily wounded.
You hit the ogre but do no damage.
The ogre is heavily wounded.
The ogre hits you with a +0 giant spiked club!!
Ouch! That really hurt!
You die...

.#...##...#............#.....#...
.#...####'###########+##.....####
.'...##...#........ ...........
.#...##...#........ ............
.#+####...'........ ...#####....
.+ ######........ ..+...#.... .#
#.>........... #...#....
.#####.....#######. #...#....
...........'....@########...#....
...........#....O#.....##...###'#
......######.....#.....#.........
......+ #.....##....#.........
......# #.....##....#....##...
......#+ #...........+....##...
.......... #....(##....##...+....
.......... ####+###....#######...
..................#....##...##...


You could see an ogre.

Vanquished Creatures
  A phantom (D:4)
  A scorpion (D:4)
  Ijyb (D:3)
  An orc wizard (D:4)
  6 adders
  5 gnolls
  3 worms
  13 dart slugs
  2 orcs
  6 endoplasms
  5 giant cockroaches
  10 goblins
  4 hobgoblins
  5 kobolds
  2 quokkas
  3 ball pythons
  6 bats
  4 frilled lizards
  4 rats
82 creatures vanquished.

Vanquished Creatures (others)
  2 gnolls (D:4)
  An endoplasm (D:4)
  A kobold (D:4)
4 creatures vanquished.

Grand Total: 86 creatures vanquished

Notes
Turn   | Place    | Note
-------+----------+-------------------------------------------
     0 | D:1      | Pimp the Hill Orc Monk began the quest for the Orb.
     0 | D:1      | Reached XP level 1. HP: 19/19 MP: 1/1
    83 | D:1      | Reached XP level 2. HP: 21/27 MP: 2/2
   463 | D:1      | Reached XP level 3. HP: 32/33 MP: 3/3
   710 | D:2      | Reached skill level 5 in Axes
  1025 | D:2      | Reached skill level 1 in Armour
  1025 | D:2      | Reached XP level 4. HP: 37/40 MP: 4/4
  1553 | D:3      | Gained mutation: Your magical capacity is low. (-10% MP)
                  | [potion of mutation]
  1566 | D:3      | Reached XP level 5. HP: 18/47 MP: 4/4
  1840 | D:3      | Noticed Ijyb
  1895 | D:3      | Killed Ijyb
  1896 | D:3      | Reached skill level 6 in Axes
  2098 | D:3      | Found a faded altar of an unknown god.
  2676 | D:4      | Reached XP level 6. HP: 55/55 MP: 5/5
  2687 | D:4      | Became a worshipper of Beogh the Brigand
  2687 | D:4      | Reached * piety under Beogh
  2687 | D:4      | Reached ** piety under Beogh
  2844 | D:4      | Reached skill level 5 in Fighting
  3162 | D:4      | Found a glowing golden altar of the Shining One.
  3177 | D:4      | HP: 1/56 [ogre/+0 giant spiked club (23)]
  3370 | D:4      | Slain by an ogre

Illustrated notes

Levels and vault maps discovered:
D:1:      spicycebolla_arrival_transporter_tutorial, layout_basic,
          hex_intersection, minmay_cut_off
D:2:      layout_loops_corners
D:3:      kennysheep_slugbush, layout_basic, basic_ecumenical_altar, uniq_ijyb
D:4:      layout_gridville, mainiacjoe_overflow_concentric_impassable

Skill      XL: |  1  2  3  4  5  6 |
---------------+-------------------+-----
Fighting       | 4 5 |  5.2
Axes           | 5 6 |  6.9
Armour         | 1 2 |  2.8
Dodging        | 3 |  3.4

Action                     |  1- 3 |  4- 6 || total
---------------------------+-------+-------++-------
  Melee: Hand axe          |    87 |   247 ||   334
 Invoke: Convert to Beogh  |       |     1 ||     1
    Use: Scroll            |       |    10 ||    10
         Potion            |       |     6 ||     6
 Armour: Robe              |     5 |       ||     5
         Ring mail         |    16 |    58 ||    74
         Chain mail        |       |    28 ||    28
  Dodge: Dodged            |    45 |   146 ||   191
  Block: Buckler           |       |    33 ||    33

Table legend: (Time is in decaauts)
 A = Elapsed time spent in this place.
 B = Non-inter-level travel time spent in this place.
 C = Inter-level travel time spent in this place.
 D = Time resting spent in this place.
 E = Time spent auto-exploring this place.
 F = Levels seen in this place.
 G = Mean time per level.
                   A        B        C        D        E       F      G
               +--------+--------+--------+--------+--------+-----+--------+
         Total |   3413 |   3271 |    142 |    350 |   2085 |   4 |  853.2 |
       Dungeon |   3413 |   3271 |    142 |    350 |   2085 |   4 |  853.2 |
               +--------+--------+--------+--------+--------+-----+--------+

Top non-repeatable levels by time:
     D:3: 1335 daAuts
     D:2: 999 daAuts
     D:4: 544 daAuts
     D:1: 534 daAuts
